 Dungeon Crawl Stone Soup version 0.21.1-1-g345015f (console) character file.

28 fly the Grave Robber (level 2, -5/22 HPs)
             Began as a Deep Dwarf Necromancer on May 17, 2018.
             Slain by Natasha (6 damage)
             ... on level 2 of the Dungeon.
             The game lasted 00:02:23 (1830 turns).

fly the Grave Robber (Deep Dwarf Necromancer)       Turns: 1830, Time: 00:02:24

Health: -5/22      AC:  3    Str: 11    XL:     2   Next: 96%
Magic:  4/6        EV: 12    Int: 15    God:
Gold:   128        SH:  0    Dex: 13    Spells: 6/7 levels left

rFire    . . .     SeeInvis .   (no weapon)
rCold    . . .     Gourm    .   (no shield)
rNeg     . . .     Faith    .   y - +0 robe
rPois    .         Spirit   .   (no helmet)
rElec    .         Reflect  .   (no cloak)
rCorr    .         Harm     .   (no gloves)
MR       .....                  o - +0 pair of boots
Stlth    ++........             (no amulet)
HPRegen  0.00/turn              (no ring)
MPRegen  0.10/turn              (no ring)

@: non-regenerating, slowed, very slow
A: damage resistance, heal wounds, sense surroundings 1, no regeneration
a: Heal Wounds


You were on level 2 of the Dungeon.
You were very hungry.

You visited 1 branch of the dungeon, and saw 2 of its levels.

You collected 128 gold pieces.

Inventory:

Armour
 o - a +0 pair of boots (worn)
 y - a +0 robe (worn)
Scrolls
 a - 2 scrolls of remove curse {unknown}
 f - 2 scrolls of teleportation {unknown}
 g - a scroll of magic mapping {unknown}
 h - a scroll of blinking {unknown}
 j - a scroll of fog {unknown}
Potions
 d - a potion of berserk rage {unknown}
 e - 2 potions of agility {unknown}
 i - a potion of mutation {unknown}
 k - 2 potions of curing {unknown}
 l - a potion of haste {unknown}
Books
 b - a book of Necromancy

   Spells                             Type                      Level
   a - Pain                           Necromancy                   1
   b - Animate Skeleton               Necromancy                   1
   c - Vampiric Draining              Necromancy                   3
   d - Regeneration                   Charms/Necromancy            3
   e - Animate Dead                   Necromancy                   4
   f - Borgnjor's Vile Clutch         Necromancy/Earth             5
Comestibles
 c - 4 rations


   Skills:
 - Level 2.1 Dodging
 - Level 2.4 Stealth
 + Level 3.0 Spellcasting
 - Level 4.3 Necromancy


You had 6 spell levels left.
You knew the following spells:

 Your Spells              Type           Power        Failure   Level  Hunger
z - Pain                  Necr           ###.         3%          1    #......


Dungeon Overview and Level Annotations

Branches:
Dungeon (2/15)

Altars:

Annotations:
D:2 Natasha


Innate Abilities, Weirdness & Mutations

You are resistant to damage.
You can heal yourself by infusing magical energy.
You passively map a small area around you.
You do not regenerate.


Message History

Natasha casts a spell at you. The magic dart hits you!
* * * LOW HITPOINT WARNING * * *
You start waiting.
Casting: Pain
Confirm with . or Enter, or press ? or * to list all spells.
Aiming: Pain
Press: ? - help, Shift-Dir - straight line, f - Natasha
Aim: Natasha (chance to defeat MR: 73%) Natasha writhes in agony!
Natasha stares at you and mumbles some strange words.
You feel yourself slow down.
You start resting.
Casting: Pain
Confirm with . or Enter, or press ? or * to list all spells.
Aiming: Pain
Press: ? - help, Shift-Dir - straight line, f/p - Natasha
Aim: Natasha (lightly wounded, chance to defeat MR: 73%) Natasha writhes in agony!
Natasha claws you!
You die...

#....####.###.# #.#######.
#....)........##*#.##......
#............... #.##.##...
#....###.####.# ##........#
#....# #.### .,#...#.....#
#....# #...#, *##..###...#
###### ###.#, ,,..........#
#.### ###.######.# #@h.#,
#.. ..# ###.# *### #.# #.#
, ,##. ###'####### *
.......>..# *...h......# #.
..........# #. #..........#
## * , .h.........########


You could see Natasha.

Vanquished Creatures
  2 dart slugs (D:1)
  A leopard gecko (D:1)
  A giant cockroach (D:2)
  5 goblins
  3 hobgoblins
  2 jackals
  2 bats
  A frilled lizard (D:2)
  2 kobolds
  2 rats
21 creatures vanquished.

Notes
Turn   | Place    | Note
-------+----------+-------------------------------------------
     0 | D:1      | fly the Deep Dwarf Necromancer began the quest for the Orb.
     0 | D:1      | Reached XP level 1. HP: 15/15 MP: 3/3
   307 | D:1      | Reached XP level 2. HP: 11/22 MP: 1/5
  1821 | D:2      | Noticed Natasha
  1823 | D:2      | HP: 1/22 [Natasha/magic dart (2)]
  1830 | D:2      | Slain by Natasha

Skill      XL: |  1  2 |
---------------+-------+-----
Spellcasting   | 2 3 |  3.0
Dodging        | |  2.1
Stealth        | |  2.4
Necromancy     | |  4.3

Action                   || total
-------------------------++-------
Melee: Unarmed           ||    19
 Cast: Pain              ||    60
  Eat: Chunk             ||     2
Armor: Robe              ||     7
Dodge: Dodged            ||    19
